TOP OF THE 1ST |
Indiana Hounds batting - Pitching for Trenton Stars : RHP Gary Grimes
|
Pitching: RHP Gary Grimes
|
|
Batting: RHB Henry Haines
|
0-0: Ball 1-0: Ball 2-0: Swinging Strike 2-1: Foul Ball, location: 2F 2-2: Foul Ball, location: 2F 2-2: Ball 3-2: Foul Ball, location: 2F 3-2: Strikes out swinging, 2-3 out at first.
|
Batting: LHB Pepe Vázquez
|
0-0: Called Strike 0-1: Ball 1-1: Swinging Strike 1-2: Ball 2-2: Fly out, F9 (Line Drive, 9)
|
Batting: RHB Marlon Hernández
|
0-0: Ball 1-0: Ball 2-0: Ground out 5-3 (Groundball, 5L)
|
Top of the 1st over - 0 runs, 0 hits, 0 errors, 0 left on base; Indiana 0 - Trenton 0 |
BOTTOM OF THE 1ST |
Trenton Stars batting - Pitching for Indiana Hounds : LHP Kent Robinson
|
Pitching: LHP Kent Robinson
|
|
Batting: RHB Aurelio Cruz
|
0-0: Foul Ball, location: 2F 0-1: Ball 1-1: Ball 2-1: Foul Ball, location: 2F 2-2: Strikes out swinging
|
Batting: RHB Carlos Pérez
|
0-0: Ball 1-0: DOUBLE (Line Drive, 5D)
|
Batting: LHB Wes Thompson
|
0-0: Called Strike 0-1: Swinging Strike 0-2: Foul Ball, location: 2F 0-2: Foul Ball, location: 2F 0-2: Strikes out looking
|
Batting: RHB Jesús Solís
|
0-0: Called Strike 0-1: Swinging Strike 0-2: Foul Ball, location: 2F 0-2: Ball 1-2: Ground out U3 (Groundball, 34S)
|
Bottom of the 1st over - 0 runs, 1 hit, 0 errors, 1 left on base; Indiana 0 - Trenton 0 |
TOP OF THE 2ND |
Indiana Hounds batting - Pitching for Trenton Stars : RHP Gary Grimes
|
Batting: RHB Henry Dawson
|
0-0: Called Strike 0-1: SINGLE (Groundball, 56D)
|
Batting: RHB Víctor Márquez
|
0-0: Foul Ball, location: 2F 0-1: Called Strike 0-2: Ball 1-2: Ball 2-2: Foul Ball, location: 2F 2-2: Foul Ball, location: 2F 2-2: Ball 3-2: SINGLE (Line Drive, 34) Henry Dawson to second Henry Dawson to third
|
Batting: RHB Remi Eruzione
|
0-0: Ball 1-0: Ball 2-0: Ball 3-0: Base on Balls Víctor Márquez to second
|
Batting: LHB Manny Hernández
|
0-0: Ball 1-0: Ball 2-0: SINGLE (Groundball, 6MD) Henry Dawson scores Víctor Márquez to third Remi Eruzione to second
|
Batting: LHB Marv Gardner
|
0-0: Ball 1-0: Ball 2-0: Ball 3-0: Called Strike 3-1: Foul Ball, location: 2F 3-2: Base on Balls Víctor Márquez scores Remi Eruzione to third Manny Hernández to second
|
Batting: RHB Anastasio Movonda
|
0-0: Called Strike 0-1: Called Strike 0-2: Foul Ball, location: 2F 0-2: Strikes out swinging
|
Batting: RHB Henry Haines
|
0-0: Ball 1-0: Foul Ball, location: 2F 1-1: Ball 2-1: Called Strike 2-2: Ball 3-2: Base on Balls Remi Eruzione scores Manny Hernández to third Marv Gardner to second
|
Batting: LHB Pepe Vázquez
|
0-0: Called Strike 0-1: SINGLE (Groundball, 6D) Manny Hernández scores Marv Gardner to third Henry Haines to second
|
Batting: RHB Marlon Hernández
|
0-0: Ball 1-0: Swinging Strike 1-1: Fly out, F4 (Popup, 4S)
|
Batting: RHB Henry Dawson
|
0-0: Ball 1-0: Ball 2-0: Ball 3-0: Called Strike 3-1: Base on Balls Marv Gardner scores Henry Haines to third Pepe Vázquez to second
|
Batting: RHB Víctor Márquez
|
0-0: Called Strike 0-1: Ball 1-1: Fly out, F9 (Flyball, 9S)
|
Top of the 2nd over - 5 runs, 4 hits, 0 errors, 3 left on base; Indiana 5 - Trenton 0 |
BOTTOM OF THE 2ND |
Trenton Stars batting - Pitching for Indiana Hounds : LHP Kent Robinson
|
Batting: LHB Pat Zimmerman
|
0-0: SINGLE (Groundball, 34D)
|
Batting: RHB George Reeves
|
0-0: Ball 1-0: Foul Ball, location: 2F 1-1: Ball 2-1: Ball 3-1: Foul Ball, location: 2F 3-2: DOUBLE (Line Drive, 9D) Pat Zimmerman to third Pat Zimmerman scores
|
Batting: LHB Gerardo Guzmán
|
0-0: Ball 1-0: Ball 2-0: Ball 3-0: Called Strike 3-1: Foul Ball, location: 2F 3-2: Strikes out swinging
|
Batting: RHB Bill Bourland
|
0-0: Ball 1-0: Ball 2-0: Called Strike 2-1: Ground out U3 (Groundball, 34) George Reeves to third
|
Batting: RHB Dan McKay
|
0-0: Ground out 1-3 (Groundball, P)
|
Bottom of the 2nd over - 1 run, 2 hits, 0 errors, 1 left on base; Indiana 5 - Trenton 1 |
TOP OF THE 3RD |
Indiana Hounds batting - Pitching for Trenton Stars : RHP Gary Grimes
|
Batting: RHB Remi Eruzione
|
0-0: Called Strike 0-1: Ball 1-1: Foul Ball, location: 2F 1-2: Ball 2-2: Foul Ball, location: 2F 2-2: Foul Ball, location: 2F 2-2: Fly out, F4 (Popup, 34)
|
Batting: LHB Manny Hernández
|
0-0: Ground out 3-1 (Groundball, 34)
|
Batting: LHB Marv Gardner
|
0-0: Called Strike 0-1: Ball 1-1: Foul Ball, location: 2F 1-2: Ball 2-2: Foul Ball, location: 2F 2-2: Fly out, F9 (Flyball, 9)
|
Top of the 3rd over - 0 runs, 0 hits, 0 errors, 0 left on base; Indiana 5 - Trenton 1 |
BOTTOM OF THE 3RD |
Trenton Stars batting - Pitching for Indiana Hounds : LHP Kent Robinson
|
Batting: RHB Aurelio Cruz
|
0-0: Called Strike 0-1: Ball 1-1: Ball 2-1: Ball 3-1: Base on Balls
|
Batting: RHB Carlos Pérez
|
0-0: Called Strike
|
|
|
|
0-1: Fly out, F6 (Line Drive, 6MD)
|
Batting: LHB Wes Thompson
|
0-0: Ball Aurelio Cruz steals 2nd base 1-0: Fly out, F8 (Flyball, 8LM)
|
Batting: RHB Jesús Solís
|
0-0: Ball 1-0: 2-RUN HOME RUN (Flyball, 7LD), Distance : 357 ft
|
Batting: LHB Pat Zimmerman
|
0-0: Swinging Strike 0-1: Ball 1-1: Fly out, F7 (Flyball, 7D)
|
Bottom of the 3rd over - 2 runs, 1 hit, 0 errors, 0 left on base; Indiana 5 - Trenton 3 |
TOP OF THE 4TH |
Indiana Hounds batting - Pitching for Trenton Stars : RHP Gary Grimes
|
Pitching: LHP Pedro Orozco
|
|
Batting: RHB Anastasio Movonda
|
0-0: Ball 1-0: Foul Ball, location: 2F 1-1: Fly out, F6 (Line Drive, 6)
|
Batting: RHB Henry Haines
|
0-0: Foul Ball, location: 2F 0-1: Called Strike 0-2: Ball 1-2: Ball 2-2: SINGLE (Groundball, 34D)
|
Batting: LHB Pepe Vázquez
|
0-0: Ball 1-0: Called Strike 1-1: Ball 2-1: Ball Balk! Henry Haines to second 3-1: Foul Ball, location: 2F 3-2: Base on Balls
|
Batting: RHB Marlon Hernández
|
0-0: Ball 1-0: Ball 2-0: Ball 3-0: Called Strike 3-1: Base on Balls Henry Haines to third Pepe Vázquez to second
|
Batting: RHB Henry Dawson
|
0-0: Called Strike 0-1: Ball 1-1: Ball 2-1: Ball 3-1: Foul Ball, location: 2F 3-2: Foul Ball, location: 2F 3-2: Base on Balls Henry Haines scores Pepe Vázquez to third Marlon Hernández to second
|
Batting: RHB Víctor Márquez
|
0-0: Ball 1-0: Fielders Choice at 3rd, U5 (Groundball, 5L) Pepe Vázquez scores Henry Dawson to second
|
Batting: RHB Remi Eruzione
|
0-0: Called Strike 0-1: Ball 1-1: Called Strike 1-2: Foul Ball, location: 2F 1-2: Foul Ball, location: 2F 1-2: Foul Ball, location: 2F 1-2: Foul Ball, location: 2F 1-2: Ball 2-2: Fielders Choice at 2nd, 6-4 (Groundball, 6)
|
Top of the 4th over - 2 runs, 1 hit, 0 errors, 2 left on base; Indiana 7 - Trenton 3 |
BOTTOM OF THE 4TH |
Trenton Stars batting - Pitching for Indiana Hounds : LHP Kent Robinson
|
Batting: RHB George Reeves
|
0-0: Called Strike 0-1: Ground out U3 (Groundball, 3)
|
Batting: LHB Gerardo Guzmán
|
0-0: Swinging Strike 0-1: Ball 1-1: Swinging Strike 1-2: Ground out 6-3 (Groundball, 6)
|
Batting: RHB Bill Bourland
|
0-0: Swinging Strike 0-1: Ball 1-1: SINGLE (Groundball, 4MD)
|
Pitching: LHP Ken Johnston
|
|
Batting: RHB Dan McKay
|
0-0: Fly out, F8 (Flyball, 8LS)
|
Bottom of the 4th over - 0 runs, 1 hit, 0 errors, 1 left on base; Indiana 7 - Trenton 3 |
TOP OF THE 5TH |
Indiana Hounds batting - Pitching for Trenton Stars : LHP Pedro Orozco
|
Batting: LHB Manny Hernández
|
0-0: Ball 1-0: Foul Ball, location: 2F 1-1: Called Strike 1-2: Ball 2-2: SINGLE (Line Drive, 34D)
|
Batting: LHB Marv Gardner
|
0-0: Ball 1-0: Foul Ball, location: 2F 1-1: Ball 2-1: Ball 3-1: Base on Balls Manny Hernández to second
|
Pitching: LHP Enrico Lozano
|
|
Batting: RHB Anastasio Movonda
|
0-0: Called Strike 0-1: Called Strike 0-2: Ball 1-2: Foul Ball, location: 2F 1-2: Ball 2-2: Ball 3-2: Base on Balls Manny Hernández to third Marv Gardner to second
|
Batting: RHB Henry Haines
|
0-0: Swinging Strike 0-1: Ball 1-1: Called Strike 1-2: Foul Ball, location: 2F 1-2: Foul Ball, location: 2F 1-2: Fly out, F4 (Popup, 4S)
|
Batting: LHB Pepe Vázquez
|
0-0: Ball 1-0: Foul Ball, location: 2F 1-1: Ball 2-1: Swinging Strike 2-2: SINGLE (Flyball, 9S) Manny Hernández scores Marv Gardner to third Anastasio Movonda to second Runner from 3rd tries for Home, SAFE, no throw
|
Batting: RHB Marlon Hernández
|
0-0: Called Strike 0-1: Foul Ball, location: 2F 0-2: Ball 1-2: Strikes out looking
|
Batting: RHB Henry Dawson
|
0-0: Called Strike 0-1: Called Strike 0-2: Ball 1-2: Foul Ball, location: 2F 1-2: Foul Ball, location: 2F 1-2: Strikes out looking
|
Top of the 5th over - 2 runs, 2 hits, 0 errors, 2 left on base; Indiana 9 - Trenton 3 |
BOTTOM OF THE 5TH |
Trenton Stars batting - Pitching for Indiana Hounds : LHP Ken Johnston
|
Batting: RHB Aurelio Cruz
|
0-0: Ball 1-0: Ball 2-0: Called Strike 2-1: Foul Ball, location: 2F 2-2: Foul Ball, location: 2F 2-2: Foul Ball, location: 2F 2-2: Ball 3-2: SINGLE (Groundball, 34D)
|
Batting: RHB Carlos Pérez
|
0-0: Called Strike 0-1: Called Strike 0-2: Ball 1-2: Fly out, F4 (Line Drive, 4MD)
|
Batting: LHB Wes Thompson
|
0-0: Called Strike Aurelio Cruz is caught stealing 2nd base 0-1: Ball 1-1: Foul Ball, location: 2F 1-2: SINGLE (Line Drive, 6MD)
|
Batting: RHB Jesús Solís
|
0-0: Called Strike 0-1: Foul Ball, location: 2F 0-2: Strikes out swinging
|
Bottom of the 5th over - 0 runs, 2 hits, 0 errors, 1 left on base; Indiana 9 - Trenton 3 |
TOP OF THE 6TH |
Indiana Hounds batting - Pitching for Trenton Stars : LHP Enrico Lozano
|
Batting: RHB Víctor Márquez
|
0-0: Ball 1-0: Ball 2-0: Called Strike 2-1: Ground out 5-3 (Groundball, 5)
|
Batting: RHB Remi Eruzione
|
0-0: Foul Ball, location: 2F 0-1: Fly out, F5 (Line Drive, 56)
|
Batting: LHB Manny Hernández
|
0-0: Called Strike 0-1: Swinging Strike 0-2: Ball 1-2: Ground out 6-3 (Groundball, 56)
|
Top of the 6th over - 0 runs, 0 hits, 0 errors, 0 left on base; Indiana 9 - Trenton 3 |
BOTTOM OF THE 6TH |
Trenton Stars batting - Pitching for Indiana Hounds : LHP Ken Johnston
|
Batting: LHB Pat Zimmerman
|
0-0: Foul Ball, location: 2F 0-1: Ball 1-1: Foul Ball, location: 2F 1-2: Ball 2-2: Ground out U3 (Groundball, 3L)
|
Batting: RHB George Reeves
|
0-0: Fly out, F9 (Flyball, 9S)
|
Batting: LHB Gerardo Guzmán
|
0-0: Called Strike 0-1: Swinging Strike 0-2: Ball 1-2: Strikes out swinging
|
Bottom of the 6th over - 0 runs, 0 hits, 0 errors, 0 left on base; Indiana 9 - Trenton 3 |
TOP OF THE 7TH |
Indiana Hounds batting - Pitching for Trenton Stars : LHP Enrico Lozano
|
Batting: LHB Marv Gardner
|
0-0: Called Strike 0-1: Ball 1-1: Foul Ball, location: 2F 1-2: Ball 2-2: Strikes out looking
|
Batting: RHB Anastasio Movonda
|
0-0: Ground out 5-3 (Groundball, 5)
|
Batting: RHB Henry Haines
|
0-0: Ball 1-0: Foul Ball, location: 2F 1-1: Foul Ball, location: 2F 1-2: Strikes out looking
|
Top of the 7th over - 0 runs, 0 hits, 0 errors, 0 left on base; Indiana 9 - Trenton 3 |
BOTTOM OF THE 7TH |
Trenton Stars batting - Pitching for Indiana Hounds : LHP Ken Johnston
|
Batting: RHB Bill Bourland
|
0-0: Ball 1-0: Ball 2-0: SINGLE (Groundball, 4MD)
|
Batting: RHB Dan McKay
|
0-0: Called Strike 0-1: Swinging Strike 0-2: Ball Wild Pitch! Bill Bourland to second 1-2: Ball 2-2: Ball 3-2: Foul Ball, location: 2F 3-2: Foul Ball, location: 2F 3-2: Strikes out swinging
|
Batting: RHB Aurelio Cruz
|
0-0: Ball 1-0: Ball 2-0: Foul Ball, location: 2F 2-1: Swinging Strike 2-2: Strikes out swinging
|
Batting: RHB Carlos Pérez
|
0-0: Called Strike 0-1: Ground out 5-3 (Groundball, 56)
|
Bottom of the 7th over - 0 runs, 1 hit, 0 errors, 1 left on base; Indiana 9 - Trenton 3 |
TOP OF THE 8TH |
Indiana Hounds batting - Pitching for Trenton Stars : LHP Enrico Lozano
|
Batting: LHB Pepe Vázquez
|
0-0: Ball 1-0: Ground out 4-3 (Groundball, 4)
|
Batting: RHB Marlon Hernández
|
0-0: Foul Ball, location: 2F 0-1: Foul Ball, location: 2F 0-2: Ball 1-2: Ball 2-2: Foul Ball, location: 2F 2-2: Foul Ball, location: 2F 2-2: Foul Ball, location: 2F 2-2: Foul Ball, location: 2F 2-2: Strikes out looking
|
Batting: RHB Henry Dawson
|
0-0: Ball 1-0: Called Strike 1-1: Foul Ball, location: 2F 1-2: Ball 2-2: Ball 3-2: Foul Ball, location: 2F 3-2: Foul Ball, location: 2F 3-2: SINGLE (Line Drive, 56D)
|
Batting: RHB Víctor Márquez
|
0-0: Called Strike Henry Dawson steals 2nd base 0-1: 2-RUN HOME RUN (Flyball, 7D), Distance : 363 ft
|
Batting: RHB Remi Eruzione
|
0-0: Swinging Strike 0-1: Ball 1-1: Ball 2-1: Ball 3-1: Fly out, F4 (Line Drive, 4)
|
Top of the 8th over - 2 runs, 2 hits, 0 errors, 0 left on base; Indiana 11 - Trenton 3 |
BOTTOM OF THE 8TH |
Trenton Stars batting - Pitching for Indiana Hounds : LHP Ken Johnston
|
Batting: LHB Wes Thompson
|
0-0: Ball 1-0: Ball 2-0: Foul Ball, location: 2F 2-1: Ball 3-1: Base on Balls
|
Batting: RHB Jesús Solís
|
0-0: Called Strike 0-1: Foul Ball, location: 2F 0-2: Ball 1-2: Strikes out swinging
|
Batting: LHB Pat Zimmerman
|
0-0: Fly out, F7 (Flyball, 78S)
|
Batting: RHB George Reeves
|
0-0: Called Strike 0-1: Swinging Strike 0-2: Strikes out swinging
|
Bottom of the 8th over - 0 runs, 0 hits, 0 errors, 1 left on base; Indiana 11 - Trenton 3 |
TOP OF THE 9TH |
Indiana Hounds batting - Pitching for Trenton Stars : LHP Enrico Lozano
|
Pitching: RHP Augusto Muñíz
|
|
Batting: LHB Manny Hernández
|
0-0: Foul Ball, location: 2F 0-1: Ball 1-1: Ball 2-1: Called Strike 2-2: Foul Ball, location: 2F 2-2: Strikes out swinging
|
Batting: LHB Marv Gardner
|
0-0: Called Strike 0-1: Swinging Strike 0-2: Ball 1-2: Ball 2-2: Reached on error, E6 (Groundball, 6S)
|
Batting: RHB Anastasio Movonda
|
0-0: Ball 1-0: Fly out, F8 (Flyball, 89D)
|
Batting: RHB Henry Haines
|
0-0: Called Strike 0-1: Ball 1-1: Fly out, F6 (Line Drive, 6)
|
Top of the 9th over - 0 runs, 0 hits, 1 error, 1 left on base; Indiana 11 - Trenton 3 |
BOTTOM OF THE 9TH |
Trenton Stars batting - Pitching for Indiana Hounds : LHP Ken Johnston
|
Batting: LHB Gerardo Guzmán
|
0-0: Ball 1-0: Ball 2-0: Called Strike 2-1: Fly out, F5 (Popup, 5F)
|
Batting: RHB Bill Bourland
|
0-0: Ground out 6-3 (Groundball, 56)
|
Batting: RHB Dan McKay
|
0-0: Ball 1-0: Called Strike 1-1: Reached on error, E6 (Groundball, 6)
|
Batting: RHB Aurelio Cruz
|
0-0: Ball 1-0: Foul Ball, location: 2F 1-1: Foul Ball, location: 2F 1-2: Ball 2-2: Ground out 6-3 (Groundball, 6)
|
Bottom of the 9th over - 0 runs, 0 hits, 1 error, 1 left on base; Indiana 11 - Trenton 3 |
|
Saturday, April 7th, 2018 - OOTP Baseball 18.8 Build 76
|
|